 Dungeon Crawl Stone Soup version 0.26-a0-639-g72c4674329 (webtiles) character file.

Game seed: 15601786875679825133

179 Apogee the Magician (level 5, -5/28 HPs)
             Began as a Deep Elf Fire Elementalist on Sept 19, 2020.
             Killed by nerve-wracking pain
             ... invoked by an orc priest
              (8 damage)
             ... on level 4 of the Dungeon on Sept 21, 2020.
             The game lasted 00:05:35 (2547 turns).

Apogee the Magician (Deep Elf Fire Elementalist)    Turns: 2547, Time: 00:05:36

Health: -5/28      AC:  2    Str:  5    XL:     5   Next: 33%
Magic:  6/14       EV: 13    Int: 21    God:
Gold:   125        SH:  0    Dex: 15    Spells: 9/14 levels left

rFire    . . .     SeeInvis .   g - +0 short sword
rCold    . . .     Faith    .   (no shield)
rNeg     . . .     Spirit   .   a - +0 robe
rPois    .         Reflect  .   (no helmet)
rElec    .         Harm     .   (no cloak)
rCorr    .         Rampage  .   (no gloves)
MR       .....                  (no boots)
Stlth    ++........             (no amulet)
HPRegen  0.09/turn              (no ring)
MPRegen  0.14/turn              (no ring)

@: no status effects
A: no striking features
a: no special abilities


You were on level 4 of the Dungeon.
You visited 1 branch of the dungeon, and saw 4 of its levels.

You collected 125 gold pieces.

Inventory:

Hand Weapons
 g - a +0 short sword (weapon)
   (You took it off a kobold on level 1 of the Dungeon)
Missiles
 h - 169 stones (quivered)
 y - a throwing net {!f}
Armour
 a - a +0 robe (worn)
Jewellery
 i - a +6 ring of intelligence {unknown}
   (You found it on level 1 of the Dungeon)
 n - a cursed amulet of inaccuracy {unknown}
   (You found it on level 2 of the Dungeon)
Scrolls
 c - a scroll of immolation {unknown}
 d - 5 scrolls of enchant weapon {unknown}
 f - 3 scrolls of remove curse {unknown}
 k - a scroll of magic mapping {unknown}
 m - 2 scrolls of identify {unknown}
 o - a scroll of blinking {unknown}
 r - 2 scrolls of enchant armour {unknown}
 t - 2 scrolls of teleportation {unknown}
 u - a scroll of noise {unknown}
 w - a scroll of amnesia {unknown}
Potions
 b - 2 potions of flight {unknown}
 e - 2 potions of curing {@q1}
 j - a potion of degeneration {unknown}
 l - a potion of mutation {unknown}
 p - a potion of might {unknown}
 q - a potion of invisibility {unknown}
 s - a potion of berserk rage {unknown}
 v - a potion of brilliance {unknown}
 x - a potion of cancellation {unknown}
 z - a potion of stabbing {unknown}


   Skills:
 - Level 2.4 Dodging
 - Level 2.4 Stealth
 + Level 5.0 Spellcasting
 + Level 3.3 Conjurations
 + Level 4.6 Fire Magic


You had 9 spell levels left.
You knew the following spells:

 Your Spells              Type           Power        Failure   Level
a - Foxfire               Conj/Fire      ###.         1%          1
q - Sticky Flame          Conj/Fire      ###.....     21%         4

Your spell library contained the following spells:

 Spells                   Type           Power        Failure   Level
 Conjure Flame            Conj/Fire      ###.....     6%          3
 Inner Flame              Hex/Fire       ###.....     12%         3
 Fireball                 Conj/Fire      ###.......   50%         5


Dungeon Overview and Level Annotations

Branches:
Dungeon (4/15)
 Temple: D:4-7

Altars:
Dithmenos
Trog


Message History

Deactivating autopickup; reactivate with Ctrl-A.
Nothing appears to happen.
The foxfire hits the orc but does no damage.
The orc shouts!
The orc priest shouts!
You hear a shout!
You hear a bark!
You hear a shout!
You conjure some foxfire!
The foxfire hits the orc.
The orc priest looks satisfied for a moment.
You conjure some foxfire!
The foxfire hits the orc.
You barely miss the orc.
The foxfire hits the orc.
You kill the orc!
A puff of flame appears from out of thin air!
The puff of flame hits you.
You conjure some foxfire!
Nothing appears to happen.
The foxfire hits something but does no damage. x2
You conjure some foxfire!
The orc priest begins to cast a cantrip, but forgets the words!
The foxfire hits something.
Nothing appears to happen.
The foxfire hits something.
You conjure some foxfire!
The orc priest mumbles some strange prayers to Beogh against you.
Pain shoots through your body!
* * * LOW HITPOINT WARNING * * *
You hear some strange, mumbled words.
The orc priest invokes the aid of Beogh against you.
Beogh smites you!
* * * LOW HITPOINT WARNING * * *
You hear a bark!
Okay, then.
You aren't carrying any items that you can evoke.
You can't see any susceptible monsters within range! (Use Z to cast anyway.) Unknown command.
The spell is extremely dangerous to cast (22% risk of failure)!
Continue anyway?
The sticky flame hits something.
The orc wizard is covered in liquid flames!
The orc wizard burns!
The orc wizard closely misses you.
The orc priest looks encouraged for a moment.
The orc wizard casts a spell at you. The magic dart hits you.
* * * LOW HITPOINT WARNING * * *
The orc wizard burns!
Okay, then.
The orc wizard burns!
The orc wizard burns!
You kill the orc wizard!
Reactivating autopickup.
Your Spellcasting skill increases to level 5!
The orc priest invokes the aid of Beogh against you.
Pain shoots through your body!
You die...

..# #{#
#.# #.#
#####)#
#.....#
#.#####
#.# ###
#.# #@#
#)# #.#
#.# #.#
#.# #.#
#o# #o#
#.# #.#
#.###.#
#.o...#
#######


You could see an orc priest.

Vanquished Creatures
  A scorpion (D:2)
  An orc wizard (D:4)
  A gnoll (D:1)
  3 adders
  3 worms (D:2)
  A dart slug (D:1)
  2 leopard geckos
  4 orcs
  7 giant cockroaches
  5 hobgoblins
  2 jackals (D:2)
  3 kobolds
  A ball python (D:1)
  7 bats
  4 frilled lizards
  5 goblins
  5 rats
55 creatures vanquished.

Vanquished Creatures (others)
  215 foxfires
215 creatures vanquished.

Grand Total: 270 creatures vanquished

Notes
Turn   | Place    | Note
-------+----------+-------------------------------------------
     0 | D:1      | Apogee the Deep Elf Fire Elementalist began the quest for
                  | the Orb.
     0 | D:1      | Reached XP level 1. HP: 10/10 MP: 6/6
   174 | D:1      | Reached XP level 2. HP: 15/15 MP: 2/8
   907 | D:2      | Reached XP level 3. HP: 3/19 MP: 1/10
  1073 | D:2      | Found a shadowy altar of Dithmenos.
  1126 | D:2      | Noticed a scorpion
  1132 | D:2      | Killed a scorpion
  1132 | D:2      | Reached skill level 4 in Spellcasting
  1132 | D:2      | Reached XP level 4. HP: 24/24 MP: 7/12
  1180 | D:2      | Learned a level 4 spell: Sticky Flame
  2052 | D:3      | Reached XP level 5. HP: 28/28 MP: 8/14
  2304 | D:3      | Found a bloodstained altar of Trog.
  2534 | D:4      | Reached skill level 5 in Spellcasting
  2547 | D:4      | Killed from afar by an orc priest

Illustrated notes

Levels and vault maps discovered:
D:1:      psy_arrival_whirlpool, layout_basic
D:2:      layout_rooms, grunt_dithmenos_smoke, minmay_ruptured
D:3:      layout_rooms, trog_book
D:4:      minmay_octagon_keep, layout_basic, uniq_duvessa

Skill      XL: |  1  2  3  4  5 |
---------------+----------------+-----
Conjurations   | 2 3 |  3.3
Fire Magic     | 4 |  4.6
Spellcasting   | 4 5 |  5.0
Dodging        | |  2.4
Stealth        | |  2.4

Action                   |  1- 3 |  4- 6 || total
-------------------------+-------+-------++-------
Melee: Short sword       |       |     5 ||     5
 Cast: Foxfire           |    60 |    86 ||   146
       Sticky Flame      |       |     1 ||     1
  Use: Potion            |     1 |       ||     1
Dodge: Dodged            |     5 |     8 ||    13

Table legend: (Time is in decaauts)
 A = Elapsed time spent in this place.
 B = Non-inter-level travel time spent in this place.
 C = Inter-level travel time spent in this place.
 D = Time resting spent in this place.
 E = Time spent auto-exploring this place.
 F = Levels seen in this place.
 G = Mean time per level.
                   A        B        C        D        E       F      G
               +--------+--------+--------+--------+--------+-----+--------+
         Total |   2546 |   2485 |     61 |     76 |   2041 |   4 |  636.5 |
       Dungeon |   2546 |   2485 |     61 |     76 |   2041 |   4 |  636.5 |
               +--------+--------+--------+--------+--------+-----+--------+

Top non-repeatable levels by time:
     D:2: 979 daAuts
     D:1: 854 daAuts
     D:3: 650 daAuts
     D:4: 61 daAuts
